AoeStats
← cisi1982

Arabia

503564685Analyzed
1v1 RM · 1mo ago on Sep 1, 2026· 46m 58s· 2 players
Game mode
Random Map
Map size
Tiny (2 player)
Population
200
Speed
Normal
Resources
Standard
Victory
Conquest
Starting age
Dark Age
Ending age
Imperial Age
RankedLock teamsTeams togetherTeam positionsShared explorationLock speedFull tech treeHidden civsTurbo modeCheats
Victory
Defeat
🇨🇿 Saracens · Czechia
889
+15
🇹🇷 Lithuanians · Türkiye
876
-15
uakgul3
0:30 Loom
11:18 Feudal Age
11:49 Horse Collar
11:55 Double-Bit Axe
16:06 Wheelbarrow
19:30 Castle Age
18:24 Gold Mining
19:47 Bloodlines
22:43 Forging
23:01 Fletching
22:34 Elite Skirmisher
23:23 Light Cavalry
24:29 Padded Archer Armor
28:59 Husbandry
29:57 Scale Barding Armor
32:54 Pikeman
37:55 Imperial Age
35:21 Town Watch
37:46 Scale Mail Armor
38:44 Chain Barding Armor
38:33 Bodkin Arrow
39:30 Thumb Ring
40:02 Iron Casting
43:50 Conscription
43:47 Leather Archer Armor
44:21 Plate Barding Armor
cisi1982
10:38 Feudal Age
8:54 Loom
15:41 Castle Age
15:16 Fletching
15:44 Double-Bit Axe
18:15 Padded Archer Armor
21:49 Elite Skirmisher
27:36 Forging
32:05 Ballistics
32:43 Sanctity
32:43 Horse Collar
35:35 Thumb Ring
40:08 Imperial Age
37:25 Town Watch
38:04 Bodkin Arrow
39:38 Devotion
41:51 Parthian Tactics
42:36 Heavy Plow
42:49 Bow Saw
42:01 Heavy Camel Rider
42:57 Husbandry
44:19 Bloodlines
45:14 Bracer
45:29 Leather Archer Armor
45:20 Scale Barding Armor
44:52 Heavy Cavalry Archer
47:17 Chain Barding Armor
47:13 Leather Archer Armor
46:26 Light Cavalry
Connection lost

Rejoining the realm…

Still unreachable

The connection could not be restored.

Session expired

The server has moved on; the page needs a fresh start.